 Dungeon Crawl Stone Soup version 0.20-a0-351-gc9b4002 (webtiles) character file.

63 4thArraOfDagon the Grave Robber (level 3, 0/29 HPs)
             Began as a Minotaur Necromancer on Dec 25, 2016.
             Was an Initiate of Okawaru.
             Succumbed to an adder's poison
             ... on level 3 of the Dungeon.
             The game lasted 00:04:26 (904 turns).

4thArraOfDagon the Grave Robber (MiNe)               Turns: 904, Time: 00:04:27

Health: 0/29       AC:  9    Str: 12    XL:     3   Next: 89%
Magic:  4/4        EV: 11    Int: 13    God:    Okawaru [......]
Gold:   65         SH:  0    Dex: 15    Spells: 3/4 levels left

rFire  . . .     SeeInvis .     k - +0 war axe
rCold  . . .     Gourm    .     j - +1 chain mail
rNeg   . . .     Faith    .     (no shield)
rPois  .         Spirit   .     (helmet restricted)
rElec  .         Reflect  .     (no cloak)
rCorr  .         Harm     .     (no gloves)
MR     .....                    (no boots)
Stlth  ..........               (no amulet)
                                (no ring)
                                (no ring)

@: agile, lethally poisoned (0 -> -4), very slightly contaminated, hasted, very
quick
A: retaliatory headbutt, horns 2
a: Renounce Religion


You were on level 3 of the Dungeon.
You worshipped Okawaru.
Okawaru was noncommittal.
You were hungry.

You visited 1 branch of the dungeon, and saw 3 of its levels.
You also visited: Sewer.

You collected 65 gold pieces.

Inventory:

Hand Weapons
 i - a +0 mace
 k - a +0 war axe (weapon)
Armour
 a - a +0 robe
 j - a +1 chain mail (worn)
Scrolls
 h - a scroll of enchant armour
Potions
 g - a potion of cure mutation
 m - 2 potions of flight
Books
 b - a book of Necromancy

   Spells                             Type                      Level
   a - Pain                           Necromancy                   1
   b - Animate Skeleton               Necromancy                   1
   c - Vampiric Draining              Necromancy                   3
   d - Regeneration                   Charms/Necromancy            3
   e - Animate Dead                   Necromancy                   4
   f - Control Undead                 Necromancy                   4
Comestibles
 c - 2 bread rations


   Skills:
 - Level 2.3 Fighting
 * Level 2.5 Axes
 + Level 1.4 Armour
 - Level 2.1 Dodging
 - Level 1.5 Stealth
 - Level 1.3 Spellcasting
 - Level 2.9 Necromancy
 + Level 1.0 Invocations


You had 3 spell levels left.
You knew the following spells:

 Your Spells              Type           Power        Failure   Level  Hunger
a - Pain                  Necr           #...         100%        1    ##.....


Dungeon Overview and Level Annotations

Branches:
Dungeon (3/15)

Altars:
Cheibriados
Okawaru
Uskayaw


Innate Abilities, Weirdness & Mutations

You reflexively headbutt those who attack you in melee.
You have a pair of horns on your head.


Message History

The adder is almost dead.
* * * LOW HITPOINT WARNING * * *
You feel sick. The adder misses you. You furiously retaliate!
You headbutt the adder.
You kill the adder!
Okawaru accepts your kill.
Your Invocations skill increases to level 1!
There is a large open door here.
You see here an adder corpse.
Unknown command.
* * * LOW HITPOINT WARNING * * *
You feel sick.
* * * LOW HITPOINT WARNING * * *
You feel sick.
Enter note: :)
* * * LOW HITPOINT WARNING * * *
You feel sick.
* * * LOW HITPOINT WARNING * * *
You feel sick.
You die...

*>,,,,,,,,,,,**,,,,*,,,,,,,
*****,**,*,*,**,,**,***,***,,,,
*,,,,,***,,,***,,*,,,,,,,,,,*,,
***,********,** *,,*,.##*,***,***
,,,,,,,,,,,*,* *,,,...#*,* *,***
***,******,*,* *,**...##.* *,,,,
* *,* *#,*,* *,,,.....,* ****, *
*,*****....#######.(.#*** *, *
*,**,,,.......@......###* *, *
*,**,**...#.###.........* *, *
*,*,,,,,,,,,* #...############* *
*,*,,***,**** #...#≈.≈≈≈≈≈≈÷.# *
*,,,,,**,* #...##########.# *
***,*,**,* #.(............#*
*****,*,**,* #.........###.###
,,,,,,,,,,,* #.........###.##.
*****,*,********######....##..).#


There were no monsters in sight!

Vanquished Creatures
  3 adders (D:3)
  An ooze (D:1)
  2 dart slugs (D:1)
  A giant cockroach (D:3)
  4 goblins
  4 hobgoblins
  2 jackals (Sewer)
  4 kobolds
  3 bats (D:2)
  2 frilled lizards (Sewer)
  2 rats
  A plant (Sewer)
29 creatures vanquished.

Notes
Turn   | Place    | Note
-------+----------+-------------------------------------------
     0 | D:1      | 4thArraOfDagon the Minotaur Necromancer began the quest for the Orb.
     0 | D:1      | Reached XP level 1. HP: 14/14 MP: 1/1
     0 | D:1      | Noticed an elf
     0 | D:1      | Noticed a vine stalker
     1 | D:1      | Noticed a troll
     1 | D:1      | Noticed a vine stalker
     3 | D:1      | Noticed a centaur
     3 | D:1      | Noticed a centaur
     5 | D:1      | Noticed a troll
     7 | D:1      | Noticed a dwarf
     8 | D:1      | Noticed a felid
    12 | D:1      | Noticed a gargoyle
    12 | D:1      | Noticed a draconian
    13 | D:1      | Noticed a minotaur
    14 | D:1      | Noticed an octopode
    16 | D:1      | Noticed a centaur
    16 | D:1      | Noticed an ogre
    20 | D:1      | Noticed a felid
    50 | D:2      | Reached skill level 1 in Fighting
   117 | D:2      | Found an iron altar of Okawaru.
   125 | D:2      | Became a worshipper of Warmaster Okawaru
   222 | D:3      | Reached XP level 2. HP: 23/24 MP: 3/3
   465 | D:1      | Reached skill level 1 in Axes
   555 | D:3      | Reached skill level 1 in Armour
   584 | D:3      | Reached XP level 3. HP: 23/29 MP: 4/4
   623 | D:3      | Found a snail-covered altar of Cheibriados.
   623 | D:3      | Found a hide-covered altar of Uskayaw.
   676 | D:3      | Found a glowing drain.
   685 | Sewer    | Entered a sewer
   892 | D:3      | Reached skill level 1 in Invocations
   897 | D:3      | :)
   901 | D:3      | HP: 1/29 [poisoned by an adder]
   904 | D:3      | Succumbed to an adder's poison

Vault maps used:
D:1:      shiori_arrival_whats_in_store_for_you, fountainhead, minmay_surrounded
D:2:      okawaru_trees_1, minmay_misc_feat_alley
D:3:      gammafunk_temple_overflow_wave, portal_sewer_entry_d,
          roderic_roman_lattice, minivault_25
Sewer:    sewer_co_scattered_pipes

Skill      XL: |  1  2  3 |
---------------+----------+-----
Fighting       | 2 |  2.3
Axes           | 1 2 |  2.5
Armour         | 1 |  1.4
Invocations    | 1 |  1.0
Dodging        | |  2.1
Stealth        | |  1.5
Spellcasting   | |  1.3
Necromancy     | |  2.9

Action                   || total
-------------------------++-------
Melee: Unarmed           ||    27
       Headbutt          ||    15
       War axe           ||   106
  Use: Potion            ||     5
       Scroll            ||     6
 Stab: Sleeping          ||     1
Armor: Robe              ||     3
       Chain mail        ||    69
Dodge: Dodged            ||    54
